AoeStats
← Cattiva

Arena

510373258Analyzed
4v4 RM · 11h ago on Sep 30, 2026· 94m 17s· 8 players
Game mode
Random Map
Map size
Large (8 player)
Population
200
Speed
Normal
Resources
Standard
Victory
Conquest
Starting age
Dark Age
Ending age
Imperial Age
RankedLock teamsTeams togetherTeam positionsShared explorationLock speedFull tech treeHidden civsTurbo modeCheats
Victory
Defeat
🇳🇱 Varangians · Netherlands
1269
+16
🇫🇮 Poles · Finland
1266
+16
🇹🇼 Byzantines · Taiwan
1261
+16
🇹🇼 Mongols · Taiwan
1225
+17
🇩🇪 Magyars · Germany
1282
-17
🇷🇺 Jurchens · Russia
1268
-17
🇺🇸 Goths · United States
1244
-16
🇷🇺 Turks · Russia
1239
-15
MisterGabby
10:20 Feudal Age
15:50 Castle Age
14:07 Double-Bit Axe
16:36 Horse Collar
23:22 Wheelbarrow
23:03 Town Watch
24:34 Hand Cart
26:40 Forging
26:35 Scale Barding Armor
26:50 Loom
31:05 Imperial Age
29:14 Bow Saw
29:10 Heavy Plow
29:55 Bloodlines
29:46 Husbandry
30:23 Iron Casting
30:08 Chain Barding Armor
30:34 Fletching
31:34 Chain Barding Armor
31:08 Elite Steppe Lancer
35:08 Blast Furnace
34:44 Plate Barding Armor
35:07 Gold Mining
35:07 Stone Mining
38:13 Gold Shaft Mining
38:15 Stone Shaft Mining
37:39 Bodkin Arrow
38:20 Hoardings
37:45 Murder Holes
38:01 Masonry
37:32 Treadmill Crane
39:25 Conscription
39:49 Architecture
44:41 Bracer
44:42 Scale Mail Armor
48:06 Ballistics
48:47 Chemistry
48:07 Squires
48:31 Guilds
47:49 Elite Fire Lancer
49:55 Chain Mail Armor
54:52 Caravan
56:16 Pikeman
56:21 Elite Skirmisher
58:52 Padded Archer Armor
58:23 Halberdier
60:22 Capped Ram
61:06 Siege Ram
63:08 Arson
68:05 Siege Engineers
73:28 Light Cavalry
74:32 Leather Archer Armor
75:53 Hussar
79:02 Two-Man Saw
78:34 Crop Rotation
87:54 Town Patrol
89:09 Ring Archer Armor
Mash
11:19 Feudal Age
15:02 Castle Age
13:10 Horse Collar
13:25 Double-Bit Axe
21:27 Wheelbarrow
22:07 Loom
23:18 Hand Cart
23:19 Town Watch
26:07 Scale Mail Armor
26:19 Forging
26:25 Man-at-Arms
27:06 Squires
27:23 Town Patrol
28:57 Chain Mail Armor
35:29 Imperial Age
33:45 Scale Barding Armor
34:18 Iron Casting
34:23 Bow Saw
34:44 Heavy Plow
34:42 Pikeman
35:31 Elite Huskarl
37:25 Blast Furnace
38:36 Conscription
38:19 Perfusion
38:54 Anarchy
38:59 Halberdier
39:04 Long Swordsman
41:19 Two-Man Saw
39:56 Two-Handed Swordsman
46:59 Champion
48:17 Fletching
48:41 Masonry
48:11 Treadmill Crane
48:54 Ballistics
49:35 Chemistry
48:37 Capped Ram
51:06 Caravan
63:45 Crop Rotation
Hdf
10:50 Feudal Age
15:06 Castle Age
13:26 Double-Bit Axe
14:52 Horse Collar
16:06 Bow Saw
22:14 Heavy Plow
22:27 Stone Mining
23:16 Wheelbarrow
22:27 Town Watch
24:12 Fletching
24:47 Hand Cart
24:28 Gold Mining
29:19 Imperial Age
26:53 Padded Archer Armor
28:04 Gold Shaft Mining
27:55 Thumb Ring
28:35 Husbandry
28:45 Bloodlines
28:41 Bodkin Arrow
29:27 Leather Archer Armor
30:14 Ballistics
30:28 Parthian Tactics
30:04 Bracer
30:08 Heavy Cavalry Archer
31:45 Ring Archer Armor
32:01 Crop Rotation
32:46 Recurve Bow
33:25 Conscription
34:17 Two-Man Saw
33:51 Loom
35:41 Chemistry
34:53 Masonry
35:58 Scale Barding Armor
38:16 Chain Barding Armor
38:14 Corvinian Army
38:26 Siege Engineers
38:01 Treadmill Crane
41:06 Plate Barding Armor
41:25 Elite Magyar Huszar
43:57 Hoardings
43:07 Capped Ram
51:14 Coinage
53:56 Banking
74:02 Light Cavalry
74:37 Hussar
GabbyMister
9:52 Feudal Age
17:23 Castle Age
16:15 Double-Bit Axe
16:12 Horse Collar
16:31 Loom
19:16 Wheelbarrow
18:56 Stone Mining
19:04 Gold Mining
19:28 Bow Saw
22:03 Heavy Plow
25:36 Fletching
26:55 Hand Cart
31:44 Imperial Age
32:28 Artillery
33:04 Conscription
33:50 Two-Man Saw
37:11 Gold Shaft Mining
42:21 Hoardings
42:58 Bloodlines
42:09 Heavy Camel Rider
43:35 Forging
43:30 Scale Barding Armor
44:54 Iron Casting
45:38 Husbandry
46:00 Chain Barding Armor
47:18 Blast Furnace
54:36 Plate Barding Armor
54:09 Caravan
92:27 Bombard Tower
poppypon
11:27 Feudal Age
16:01 Castle Age
14:48 Double-Bit Axe
14:44 Horse Collar
16:52 Bow Saw
23:20 Stone Mining
23:35 Gold Mining
24:39 Wheelbarrow
25:56 Stone Shaft Mining
25:57 Gold Shaft Mining
29:41 Imperial Age
27:10 Fletching
27:26 Scale Barding Armor
28:25 Ballistics
29:03 Bloodlines
28:53 Husbandry
29:02 Bodkin Arrow
29:27 Chain Barding Armor
29:24 Light Cavalry
30:07 Nomads
31:04 Conscription
30:59 Forging
31:30 Hand Cart
31:02 Town Watch
31:03 Loom
30:59 Elite Mangudai
32:25 Town Patrol
32:31 Bracer
32:01 Capped Ram
33:06 Drill
32:41 Heavy Camel Rider
34:31 Iron Casting
33:54 Hussar
34:39 Heavy Plow
35:22 Siege Ram
36:38 Parthian Tactics
38:45 Blast Furnace
39:51 Chemistry
42:07 Hoardings
45:34 Fortified Wall
48:41 Murder Holes
48:57 Masonry
54:50 Heavy Scorpion
57:17 Caravan
71:20 Siege Engineers
Aapsjordwraak
12:37 Feudal Age
17:01 Castle Age
15:07 Double-Bit Axe
15:33 Scale Mail Armor
15:44 Forging
15:39 Arson
16:32 Horse Collar
23:54 Wheelbarrow
23:05 Loom
27:12 Chain Mail Armor
29:25 Heavy Plow
30:49 Gold Mining
31:15 Bloodlines
31:20 Bow Saw
34:06 Imperial Age
32:00 Scale Barding Armor
33:16 Chain Barding Armor
33:32 Iron Casting
34:02 Hand Cart
34:32 Husbandry
34:39 Town Watch
35:31 Plate Barding Armor
35:03 Cavalier
36:05 Conscription
36:39 Vendel Legacy
37:40 Light Cavalry
45:20 Man-at-Arms
45:46 Gambesons
46:26 Long Swordsman
47:07 Squires
47:17 Stone Mining
47:59 Plate Mail Armor
48:29 Blast Furnace
47:27 Two-Handed Swordsman
48:40 Elite Skirmisher
51:31 Padded Archer Armor
51:21 Fletching
53:31 Bodkin Arrow
53:52 Leather Archer Armor
53:22 Elite Varangian Guard
53:23 Pikeman
66:56 Halberdier
69:48 Hussar
74:05 Crop Rotation
80:23 Two-Man Saw
86:20 Capped Ram
Cattiva
11:18 Feudal Age
10:10 Loom
14:54 Castle Age
12:57 Double-Bit Axe
13:33 Horse Collar
15:47 Bow Saw
15:38 Heavy Plow
22:19 Wheelbarrow
23:38 Hand Cart
23:27 Gold Mining
24:45 Gold Shaft Mining
28:15 Imperial Age
25:45 Fletching
25:55 Padded Archer Armor
26:19 Ballistics
26:20 Fortified Wall
26:34 Bodkin Arrow
26:47 Stone Mining
26:37 Crossbowman
27:50 Leather Archer Armor
28:11 Thumb Ring
27:40 Pikeman
29:08 Stone Shaft Mining
28:57 Squires
28:19 Arbalester
29:16 Bracer
30:03 Treadmill Crane
31:01 Scale Mail Armor
31:12 Forging
32:05 Chemistry
33:10 Conscription
33:28 Hoardings
32:25 Halberdier
33:49 Ring Archer Armor
34:30 Chain Mail Armor
34:51 Iron Casting
36:37 Plate Mail Armor
36:45 Elite Skirmisher
37:19 Capped Ram
38:46 Careening
39:38 Two-Man Saw
38:55 Elite Varangian Guard
39:21 Gambesons
39:21 Arson
39:59 Caravan
40:09 Siege Ram
45:20 Murder Holes
46:36 Crop Rotation
48:55 Logistica
53:02 Guilds
53:24 Coinage
55:03 Banking
57:49 Siege Ram
58:03 Elite Cataphract
59:56 Guilds
69:13 Onager
83:03 Scale Barding Armor
88:41 Bombard Tower
88:12 Guard Tower
90:15 Chain Barding Armor
89:48 Arrowslits
Finarfin
8:56 Feudal Age
15:06 Castle Age
13:18 Horse Collar
13:28 Double-Bit Axe
13:52 Horse Collar
15:34 Loom
15:35 Town Watch
16:03 Bow Saw
17:21 Wheelbarrow
18:06 Heavy Plow
19:56 Fletching
20:43 Hand Cart
21:30 Bodkin Arrow
21:38 Gold Mining
22:40 Stone Mining
25:23 Stone Shaft Mining
30:00 Imperial Age
29:08 Szlachta Privileges
29:11 Scale Barding Armor
29:51 Forging
30:48 Chain Barding Armor
31:27 Iron Casting
31:42 Crop Rotation
32:48 Bloodlines
32:39 Husbandry
32:00 Cavalier
34:22 Blast Furnace
33:46 Conscription
33:35 Town Patrol
33:48 Bracer
34:50 Chemistry
33:50 Murder Holes
34:53 Fortified Wall
36:36 Murder Holes
36:49 Pikeman
37:29 Squires
37:15 Arson
37:31 Scale Mail Armor
39:48 Chain Mail Armor
41:07 Plate Mail Armor
41:34 Coinage
41:06 Caravan
43:58 Banking
48:06 Light Cavalry
49:16 Elite Obuch
50:33 Hoardings
50:11 Masonry
52:33 Winged Hussar
54:19 Lechitic Legacy
53:30 Sappers
59:39 Treadmill Crane
83:15 Siege Engineers
83:31 Ballistics
87:18 Bombard Tower
86:43 Arrowslits
86:49 Guard Tower
Connection lost

Rejoining the realm…

Still unreachable

The connection could not be restored.

Session expired

The server has moved on; the page needs a fresh start.